 Dungeon Crawl Stone Soup version 0.29.1-15-g9cfb28693d (webtiles) character file.

Game seed: 3983137071437194290

19506 KamiKatze the Cleaver (level 12, -15/115 HPs)
             Began as a Gargoyle Berserker on Mar 1, 2023.
             Was an Elder of Trog.
             Demolished by a death yak (17 damage)
             ... on level 2 of the Lair of Beasts.
             The game lasted 00:44:10 (12271 turns).

KamiKatze the Cleaver (Gargoyle Berserker)         Turns: 12271, Time: 00:44:10

Health: -15/115    AC: 23    Str: 25    XL:     12   Next: 69%
Magic:  0/12       EV: 12    Int:  9    God:    Trog [****..]
Gold:   437        SH:  7    Dex:  9    Spells: 11/11 levels left

rFire   . . .      SeeInvis +   a - +0 war axe
rCold   + + .      Faith    .   Y - +2 buckler "Kupihem" {rC+ Regen+}
rNeg    + . .      Spirit   +   P - +3 ring mail
rPois   ∞          Reflect  .   T - +1 helmet
rElec   +          Harm     .   x - +0 cloak
rCorr   .          Rampage  .   (no gloves)
Will    .....                   E - +0 pair of boots
Stlth   ..........              g - amulet of guardian spirit
HPRegen 1.09/turn               s - ring of protection from cold
MPRegen 0.13/turn               F - ring of see invisible

@: berserking (expiring), very quick
A: sickness immunity, AC +8, negative energy resistance 1, electricity
resistance, torment resistance 1, petrification resistance
a: Renounce Religion, Berserk, Trog's Hand, Brothers in Arms


You were on level 2 of the Lair of Beasts.
You worshipped Trog.
Trog was greatly pleased with you.
You visited 3 branches of the dungeon, and saw 14 of its levels.
You also visited: Bailey.

You collected 789 gold pieces.
You spent 352 gold pieces at shops.

Inventory:

Hand Weapons
 a - a +0 war axe (weapon)
 w - a +0 morningstar
 L - a +1 vorpal hand axe
 N - a +1 vampiric spear
Missiles
 f - 5 atropa-tipped darts
 z - 32 poisoned darts (quivered)
 B - 5 throwing nets
Armour
 x - a +0 cloak (worn)
 E - a +0 pair of boots (worn)
 I - +0 acid dragon scales
 P - a +3 ring mail (worn)
 T - a +1 helmet (worn)
 Y - the +2 buckler "Kupihem" (worn) {rC+ Regen+}
   (You found it on level 11 of the Dungeon)

   rC:        It protects you from cold.
   Regen:     It increases your rate of health regeneration.
Jewellery
 g - an amulet of guardian spirit (around neck)
 s - a ring of protection from cold (left hand)
 F - a ring of see invisible (right hand)
 S - a ring of ice
 U - a +4 ring of protection
Wands
 r - a wand of digging (4)
 O - a wand of paralysis (7)
 R - a wand of quicksilver (15)
 X - a wand of iceblast (6)
Scrolls
 c - 2 scrolls of poison
 e - 2 scrolls of vulnerability {unknown}
 h - 3 scrolls of butterflies {unknown}
 k - 3 scrolls of blinking
 l - 3 scrolls of summoning {unknown}
 m - a scroll of enchant weapon {unknown}
 t - 2 scrolls of amnesia {unknown}
 v - a scroll of enchant armour {unknown}
 y - 3 scrolls of magic mapping {unknown}
 G - 4 scrolls of identify
 H - a scroll of torment {unknown}
 J - 5 scrolls of teleportation
 Q - 2 scrolls of noise {unknown}
 W - a scroll of acquirement {unknown}
Potions
 b - 3 potions of berserk rage
 d - 6 potions of heal wounds
 i - a potion of invisibility
 j - 2 potions of brilliance
 n - 2 potions of lignification
 o - a potion of attraction
 p - 4 potions of flight
 q - a potion of ambrosia
 u - 4 potions of cancellation
 A - 2 potions of haste
 C - 6 potions of mutation
 D - 4 potions of magic
 M - 4 potions of curing
 V - a potion of resistance


   Skills:
 + Level 9.7 Fighting
 * Level 13.3 Axes
 - Level 2.0 Throwing
 + Level 8.2 Armour
 + Level 6.1 Dodging
 + Level 7.5 Shields
 - Level 2.0 Evocations


You had 11 spell levels left.
You didn't know any spells.
Your spell library was empty.

Dungeon Overview and Level Annotations

Branches:
Dungeon (11/15)            Temple (1/1) D:7            Lair (2/5) D:11
  Snake (0/4) Lair:2       Bailey (visited)
  Swamp: Lair:2-3    Shoals: Lair:2-3       Orc: D:9-12

Altars:
Ashenzari
Cheibriados
Dithmenos
Elyvilon
Fedhas
Gozag
Hepliaklqana
Kikubaaqudgha
Makhleb
Nemelex Xobeh
Okawaru
Qazlal
Ru
Sif Muna
Trog
Uskayaw
Vehumet
Wu Jian
Xom
Yredelemnul
Zin
The Shining One

Shops:
D:4 [   D:5 (   D:7 *   D:8 !

Annotations:
D:9 fly to loot w:1
Lair:1 1 runed translucent door, exclusion: door, vampirul's ghost, journeyman MiBe


Innate Abilities, Weirdness & Mutations

You are immune to sickness and miasma.
Your stone body is resilient. (AC +8)
You are immune to poison.
You resist negative energy. (rN+)
You are resistant to electric shocks. (rElec)
You are resistant to unholy torment.
You are immune to petrification.


Message History

You completely miss the death yak. You hit the death yak.
You slash the death yak! The death yak gores you!
* * * LOW HITPOINT WARNING * * *
The death yak gores you but does no damage.
You block the death yak's attack.
You slash the death yak!
The death yak is lightly wounded.
You hit the death yak. You slash the death yak!
You completely miss the death yak. The death yak gores you!
* * * LOW HITPOINT WARNING * * *
The death yak closely misses you. You block the death yak's attack.
The death yak closely misses you.
You hit the death yak but do no damage.
The death yak is lightly wounded.
You hit the death yak but do no damage. x2; You slash the death yak!
Unknown command.
You slash the death yak!
The death yak is moderately wounded.
You slash the death yak! x2; You hit the death yak.
The death yak gores you!
* * * LOW HITPOINT WARNING * * *
The death yak gores you but does no damage.
The death yak gores you!!
* * * LOW HITPOINT WARNING * * *
The death yak gores you.
* * * LOW HITPOINT WARNING * * *
You hit the death yak.
The death yak is moderately wounded.
You hit the death yak. You barely miss the death yak. x2
Unknown command.
You are too berserk!
You are too berserk!
Unknown command.
You slash the death yak!
The death yak is almost dead.
You completely miss the death yak. You slash the death yak! x2
You block the death yak's attack. The death yak gores you.
* * * LOW HITPOINT WARNING * * *
The death yak gores you but does no damage.
The death yak gores you!
You die...

##....## #.## ####.P+.#
###..## ###.......#
###...#.# P.........#
#......## >.........##
##.†....###
###....####..#.......#.#P
#....## #.............
##...# #.P#.......###
#..## ####Y@Y....# ####
#.YY...## #...#### ##.##
#....# .##.Y# ## .#.# #
.# Y#


You could see 4 death yaks.

Vanquished Creatures
  Gastronok (D:10)
  Josephine (D:10)
  Harold (D:9)
  A two-headed ogre (D:4)
  A death yak (Lair:2)
  Nergalle (Lair:2)
  A wolf spider (Lair:1)
  A manticore (D:11)
  2 cyclopes (D:11)
  Maurice (D:9)
  Psyche (D:10)
  A cane toad (Lair:1)
  Maggie (D:10)
  2 komodo dragons (Lair:1)
  A troll (D:10)
  Grinder (D:4)
  10 blink frogs
  Prince Ribbit (Lair:2)
  A shadow (D:10)
  4 wraiths
  A vampire (D:11)
  15 yaks
  4 steam dragons (D:8)
  8 vampire mosquitoes
  Menkaure (D:5)
  2 water moccasins
  An acid dragon (D:11)
  2 orc warriors
  6 sky beasts
  3 black bears
  An ogre (D:6)
  11 wolves (Lair:1)
  3 centaurs
  2 kobold brigands
  6 bullfrogs
  2 necrophages
  A gnoll sergeant (D:7)
  A scorpion (D:5)
  10 killer bees (D:9)
  3 howler monkeys (D:8)
  An electric eel (Lair:2)
  3 hounds
  4 orc priests
  A jelly (D:4)
  2 gnoll boudas
  2 iguanas
  Natasha (thrice) (D:2)
  19 orc wizards
  21 gnolls
  6 adders
  5 white imps
  3 ufetubi
  4 worms
  2 dart slugs
  33 orcs
  5 bats (D:1)
  6 endoplasms
  3 giant cockroaches
  5 hobgoblins
  5 jackals
  15 kobolds
  4 quokkas
  3 training dummies (D:5)
  6 ball pythons
  4 frilled lizards
  11 goblins
  4 rats
297 creatures vanquished.

Vanquished Creatures (others)
  A sky beast (D:8)
  4 fungi
  10 plants
15 creatures vanquished.

Grand Total: 312 creatures vanquished

Notes
Turn   | Place    | Note
-------+----------+-------------------------------------------
     0 | D:1      | KamiKatze the Gargoyle Berserker began the quest for the
                  | Orb.
     0 | D:1      | Reached XP level 1. HP: 14/14 MP: 1/1
   136 | D:1      | Reached XP level 2. HP: 11/19 MP: 2/2
   389 | D:1      | Noticed a great orb of eyes
   394 | D:1      | Found a faded altar of an unknown god.
   395 | D:1      | Noticed an eye of devastation
   395 | D:1      | Noticed a golden eye
   395 | D:1      | Noticed a great orb of eyes
   409 | D:1      | Reached skill level 3 in Axes
   702 | D:1      | Reached XP level 3. HP: 20/24 MP: 3/3
  1497 | D:2      | Reached XP level 4. HP: 23/29 MP: 4/4
  1561 | D:2      | Noticed Natasha
  1575 | D:2      | Killed Natasha
  1762 | D:2      | Reached ** piety under Trog
  1790 | D:2      | Noticed Natasha
  1800 | D:2      | Killed Natasha
  1801 | D:2      | Reached XP level 5. HP: 18/34 MP: 2/5
  1892 | D:2      | Noticed Natasha
  1900 | D:2      | Killed Natasha
  2144 | D:3      | Reached skill level 4 in Axes
  2767 | D:4      | Found a shadowy altar of Dithmenos.
  2786 | D:4      | Noticed a two-headed ogre
  2802 | D:4      | Killed a two-headed ogre
  2803 | D:4      | Reached skill level 5 in Axes
  2803 | D:4      | Reached XP level 6. HP: 35/41 MP: 3/6
  2803 | D:4      | Reached XP level 7. HP: 39/46 MP: 3/7
  3097 | D:4      | Reached skill level 6 in Axes
  3269 | D:4      | Found Jeov's Armour Shoppe.
  3314 | D:4      | Reached XP level 8. HP: 50/51 MP: 8/8
  3339 | D:4      | Found a sacrificial altar of Ru.
  3389 | D:4      | Found a burning altar of Makhleb.
  3628 | D:4      | Found a bloodstained altar of Trog.
  3739 | D:5      | Entered Level 5 of the Dungeon
  3739 | D:5      | Noticed Menkaure
  3747 | D:5      | Killed Menkaure
  3748 | D:5      | Reached skill level 7 in Axes
  3823 | D:5      | Noticed Grinder
  3842 | D:4      | Paralysed by Grinder for 5 turns
  3852 | D:4      | Paralysed by Grinder for 5 turns
  3866 | D:4      | Killed Grinder
  3991 | D:5      | Reached skill level 8 in Axes
  4049 | D:5      | Identified the +2 cloak of Ignis's Hatred {+Blink rPois
                  | Str-5 SInv}
  4072 | D:5      | Found Ebbih's Firing Range.
  4455 | D:5      | Reached skill level 9 in Axes
  4455 | D:5      | Reached XP level 9. HP: 43/55 MP: 5/9
  4643 | D:6      | Reached *** piety under Trog
  5336 | D:7      | Reached skill level 10 in Axes
  5429 | D:7      | Found a flagged portal.
  5502 | Bailey   | Entered a bailey
  5670 | D:7      | Reached skill level 1 in Shields
  5926 | D:7      | You fall into a shaft and drop 3 floors!
  5926 | D:10     | Entered Level 10 of the Dungeon
  5990 | D:10     | Noticed Maggie
  6001 | D:10     | Killed Maggie
  6139 | D:9      | Noticed Psyche
  6150 | D:10     | Killed Psyche
  6151 | D:10     | Reached XP level 10. HP: 61/61 MP: 10/10
  6704 | D:8      | Reached skill level 11 in Axes
  6712 | D:8      | Reached skill level 5 in Armour
  6937 | D:7      | Reached **** piety under Trog
  6970 | D:7      | Found Paelleg's General Store.
  6978 | D:7      | Bought a scroll of teleportation for 45 gold pieces
  6978 | D:7      | Bought a scroll of blinking for 112 gold pieces
  7099 | D:7      | Found a staircase to the Ecumenical Temple.
  7129 | Temple   | Entered the Ecumenical Temple
  7459 | D:8      | Found a radiant altar of Vehumet.
  7839 | D:8      | Found Wyvid's Distillery.
  7882 | D:8      | Bought a potion of curing for 45 gold pieces
  7882 | D:8      | Bought a potion of resistance for 150 gold pieces
  8154 | D:9      | Reached XP level 11. HP: 68/68 MP: 9/11
  8220 | D:9      | Noticed Harold
  8235 | D:9      | Killed Harold
  8564 | D:9      | Reached skill level 5 in Shields
  8766 | D:9      | Noticed Maurice
  8777 | D:9      | Killed Maurice
  9083 | D:10     | Noticed Josephine
  9108 | D:10     | Killed Josephine
  9121 | D:10     | Reached skill level 12 in Axes
  9430 | D:10     | Noticed Gastronok
  9465 | D:10     | Killed Gastronok
  9466 | D:10     | Reached skill level 5 in Dodging
  9776 | D:11     | Noticed a cyclops
  9786 | D:11     | Killed a cyclops
  9849 | D:11     | Noticed a manticore
  9857 | D:11     | Killed a manticore
  9956 | D:11     | Identified the +2 buckler "Kupihem" {rC+ Regen+}
 10070 | D:11     | Found a staircase to the Lair.
 10071 | D:11     | Found a sparkling altar of Nemelex Xobeh.
 10193 | D:11     | Noticed a sea snake
 10427 | D:11     | Noticed a cyclops
 10435 | D:11     | Killed a cyclops
 10436 | D:11     | Reached XP level 12. HP: 61/75 MP: 8/12
 10896 | Lair:1   | Entered Level 1 of the Lair of Beasts
 11306 | Lair:1   | Reached skill level 13 in Axes
 11677 | Lair:1   | Found a runed translucent door.
 11678 | Lair:1   | Noticed vampirul's ghost (journeyman MiBe)
 11963 | Lair:2   | Found a staircase to the Snake Pit.
 11992 | Lair:2   | Noticed Nergalle
 12024 | Lair:2   | Killed Nergalle
 12130 | Lair:2   | Noticed Prince Ribbit
 12168 | Lair:2   | Killed Prince Ribbit
 12247 | Lair:2   | Noticed a death yak
 12247 | Lair:2   | Noticed a death yak
 12247 | Lair:2   | Noticed a death yak
 12259 | Lair:2   | Noticed a death yak
 12260 | Lair:2   | Noticed a death yak
 12266 | Lair:2   | Killed a death yak
 12271 | Lair:2   | HP: 2/115 [death yak (5)]
 12271 | Lair:2   | Demolished by a death yak

Illustrated notes

Levels and vault maps discovered:
D:1:      lemuel_arrival_lava_pool, layout_basic,
          hellmonk_ecumenical_altar_watching_god
D:2:      layout_basic, minmay_door_square, nicolae_eternal_life,
          roderic_roman_lattice, uniq_natasha
D:3:      layout_rooms
D:4:      layout_basic, lightli_temple_of_fire, trog_three_pillars_becter,
          nicolae_ru_the_path_less_chosen, lemuel_coloured_pillars_altar,
          serial_shops, nicolae_shop_hallway_plus
D:5:      minmay_evil_eye, layout_cave_pools, nicolae_shop_firing_range,
          uniq_grinder, uniq_menkaure
D:6:      layout_cave_pools, corexii_item_surrounded_by_moat, patterned_corridor
D:7:      layout_rooms, lemuel_temple_firewalk_b, enter_bailey_5, serial_shops,
          nicolae_shop_crystal
D:8:      layout_basic, fiery_altar_vehumet, serial_shops,
          nicolae_shop_statue_plus, nrook_uturn, hangedman_misty_isle
D:9:      minmay_weird_star, layout_small_grid, chequers_serial_rivers_small_b,
          hex_tiny, solitary_fountain, dreamdust_gnoll_shepherd, uniq_psyche,
          uniq_harold, uniq_maurice
D:10:     layout_basic, uniq_josephine, uniq_maggie, uniq_gastronok
D:11:     lemuel_ice_spiral_2, layout_basic, lair_entry_dummy, serial_aquarium,
          aquarium_bridge_straight [aquarium_subvault_bridge,
          aquarium_subvault_wall, aquarium_subvault_bridge,
          aquarium_subvault_window], aquarium_bridge_long_joined
          [aquarium_subvault_wall, aquarium_subvault_bridge,
          aquarium_subvault_bridge, aquarium_subvault_balcony,
          aquarium_subvault_balcony, aquarium_subvault_window],
          aquarium_window_double, aquarium_window_2, aquarium_view_2d,
          aquarium_view_2b, nemelex_xobeh_ov_fountains_minmay
Temple:   bh_familiar_temple
Lair:1:   layout_loops_ring, ebering_ghost_reflecting_pool,
          nicolae_lair_run_with_the_wolves, grunt_megastairs_2,
          lemuel_fruit_fields, lemuel_fruit_tree
Lair:2:   layout_roguey, minmay_shoals_entry_lonely_mermaid, dummy_snake_entry,
          serial_bayou_shore_a, uniq_nergalle, uniq_prince_ribbit2

Skill      XL: |  1  2  3  4  5  6  7  8  9 10 11 12 |
---------------+-------------------------------------+-----
Axes           | 3 5 6 9 10 11 12 13 | 13.3
Fighting       | 4 6 7 8 9 |  9.7
Dodging        | 2 4 5 6 |  6.1
Armour         | 3 4 5 7 8 |  8.2
Throwing       | 2 |  2.0
Evocations     | 2 |  2.0
Shields        | 2 4 6 7 |  7.5

Action                   |  1- 3 |  4- 6 |  7- 9 | 10-12 || total
-------------------------+-------+-------+-------+-------++-------
Melee: Hand axe          |   129 |   125 |   401 |   352 ||  1007
       Punch             |     2 |     2 |     6 |       ||    10
       War axe           |       |       |       |   469 ||   469
Throw: Dart              |       |     4 |       |     1 ||     5
Invok: Berserk           |       |     5 |    10 |     8 ||    23
       Trog's Hand       |       |       |     6 |     7 ||    13
Evoke: Wand              |       |       |       |     1 ||     1
  Use: Scroll            |       |       |     8 |     6 ||    14
 Stab: Paralysed         |       |       |       |     5 ||     5
Armor: Animal skin       |     3 |       |       |       ||     3
       Leather armour    |    50 |    42 |     6 |       ||    98
       Ring mail         |       |       |   216 |   413 ||   629
Dodge: Dodged            |    80 |    58 |   218 |   352 ||   708
Block: Buckler           |       |       |     9 |   193 ||   202
